[Event "FIDE WTC Prel-A 2022"]
[Site "Jerusalem"]
[Date "2022.11.21"]
[Round "4.1"]
[White "Santos Latasa, Jaime"]
[Black "Ivanchuk, Vasyl"]
[Result "1/2-1/2"]
[ECO "C88"]
[WhiteElo "2665"]
[BlackElo "2673"]
[Annotator "TA"]
[PlyCount "66"]
[EventDate "2022.11.20"]
[EventType "team-tourn"]
[EventCountry "ISR"]
[SourceTitle "playchess.com"]
[Source "ChessBase"]
[SourceQuality "1"]
[WhiteTeam "Spain"]
[BlackTeam "Ukraine"]
[WhiteTeamCountry "ESP"]
[BlackTeamCountry "UKR"]
[TimeControl "2700+10"]

1. e4 {[%emt 0:00:03] Bartel,M} e5 2. Nf3 Nc6 3. Bb5 a6 4. Ba4 Nf6 5. O-O Be7 6. Re1 b5 7. Bb3 O-O 8. h3 Bb7 9. d3 h6 {[%emt 0:02:02] [#] Recently 9...d5 got a lot of attention.} 10. c4 $146 {[%emt 0:05:26] C88: Closed Ruy Lopez: Anti-Marshall Systems.} ({Predecessor:} 10. Nbd2 Re8 11. c3 Bf8 12. a4 Na5 13. Bc2 c5 14. d4 cxd4 15. cxd4 d5 16. dxe5 Nxe4 17. axb5 axb5 18. Qe2 {1-0 (33) Jakovenko,D (2737)-Bartel,M (2602) Dresden 2008 CBM 128 [Bartel,M]}) 10... d6 11. Nc3 Na5 12. cxb5 {[%emt 0:02:22] White has an edge.} axb5 13. Nxb5 Nxb3 14. Qxb3 Rb8 15. a4 Ba6 {[%emt 0:00:16] [#] ...c6 is the strong threat.} 16. Qc2 Bxb5 17. axb5 Rxb5 {[%emt 0:00:41] The position is equal.} 18. d4 Qb8 19. Ra4 Rc8 20. Re2 Qb7 21. dxe5 dxe5 22. Be3 Bb4 (22... Bd6 {looks sharper.} 23. Nh4 Rb8 24. Nf5 Rxb2 25. Qxb2 Qxb2 26. Rxb2 Rxb2 27. f3 Rb3) 23. Bd2 Bxd2 24. Rxd2 Rb4 25. Rxb4 Qxb4 26. Nxe5 Qxe4 {[%emt 0:00:02] [#] aiming for ...Qe1+.} 27. Qxe4 Nxe4 $11 {[%emt 0:00:02][%mdl 4096] Endgame KRN-KRN} 28. Rd4 Nd6 29. Nc4 Nxc4 30. Rxc4 Kf8 31. Kf1 Ke8 32. Ke2 Rb8 33. Rxc7 Rxb2+ {[%emt 0:00:13] Weighted Error Value: White=0.07 (flawless) /Black=0.04 (flawless)} 1/2-1/2

[Event "FIDE WTC Prel-A 2022"]
[Site "Jerusalem"]
[Date "2022.11.21"]
[Round "4.2"]
[White "Shevchenko, Kirill"]
[Black "Anton Guijarro, David"]
[Result "1-0"]
[ECO "A13"]
[WhiteElo "2649"]
[BlackElo "2668"]
[Annotator "TA"]
[PlyCount "67"]
[EventDate "2022.11.20"]
[EventType "team-tourn"]
[EventCountry "ISR"]
[SourceTitle "playchess.com"]
[Source "ChessBase"]
[SourceQuality "1"]
[WhiteTeam "Ukraine"]
[BlackTeam "Spain"]
[WhiteTeamCountry "UKR"]
[BlackTeamCountry "ESP"]
[TimeControl "2700+10"]

1. Nf3 d5 2. c4 e6 3. g3 dxc4 4. Qa4+ Nd7 5. Qxc4 a6 6. Bg2 b5 7. Qc2 Bb7 8. a4 c5 9. Nc3 Qb6 10. O-O Ngf6 11. d3 Be7 {[%emt 0:00:44] A13: English Opening: 1...e6.} 12. axb5 axb5 13. Rxa8+ Bxa8 {[%emt 0:00:01] The position is equal.} 14. Qb3 b4 15. Nd1 Qa6 16. Ne3 O-O 17. Nc4 {[%emt 0:00:37] [#]} Bd5 $146 ({Predecessor:} 17... Nb6 18. Nfe5 Nxc4 19. Nxc4 Bxg2 20. Kxg2 Nd5 21. e4 Nc7 22. Be3 Nb5 23. Rc1 Rd8 {0-1 (34) Bjelobrk,I (2395)-Sjugirov,S (2696) Chess.com INT 2022}) 18. Qc2 Qa2 19. Bf4 Bxc4 20. dxc4 Nb6 21. Nd2 Nfd7 22. Nb3 {[%emt 0:02:24] Strongly threatening Ra1.} Bf6 23. Rb1 {[%emt 0:01:54] [#]} (23. Bd6 $16) 23... Qa6 (23... Nxc4 $1 $11 {keeps the balance.} 24. Be4 Ncb6) 24. Bc6 $16 Qc8 25. Qe4 {[%emt 0:00:35] And now Bd6 would win.} Be7 {[%emt 0:00:43] Against Bd6} 26. Bb5 {[%emt 0:01:45] This bishop pair is nice.} Nf6 {[%emt 0:00:53] [#]} (26... h6 $14) 27. Qf3 $1 h6 28. Na5 Nfd7 (28... e5 $16) 29. Rd1 e5 30. Be3 Nb8 31. Qb7 $36 {[%emt 0:00:51][%mdl 2048] White has strong initiative. White has more active pieces. The black rooks are badly placed.} ({Better is} 31. Qe4) 31... Qe6 (31... Rd8 $16 32. Rxd8+ Qxd8) 32. Nb3 $18 {[%emt 0:00:42] White is clearly winning.} Nxc4 33. Nxc5 Qb6 34. Bxc4 {[%emt 0:00:06] Weighted Error Value: White=0.16 (very precise) /Black=0.52} ({Weaker is} 34. Qxe7 Nxe3 35. fxe3 (35. Nd7 Nxd7 36. fxe3 Qxb5 $17) 35... Qxb5 $11) 1-0

[Event "FIDE WTC Prel-A 2022"]
[Site "Jerusalem"]
[Date "2022.11.21"]
[Round "4.3"]
[White "Shirov, Alexei"]
[Black "Kovalenko, Igor"]
[Result "1-0"]
[ECO "B41"]
[WhiteElo "2666"]
[BlackElo "2674"]
[Annotator "TA"]
[PlyCount "83"]
[EventDate "2022.11.20"]
[EventType "team-tourn"]
[EventCountry "ISR"]
[SourceTitle "playchess.com"]
[Source "ChessBase"]
[SourceQuality "1"]
[WhiteTeam "Spain"]
[BlackTeam "Ukraine"]
[WhiteTeamCountry "ESP"]
[BlackTeamCountry "UKR"]
[TimeControl "2700+10"]

1. e4 c5 2. Nf3 e6 3. d4 cxd4 4. Nxd4 a6 5. c4 Nf6 6. Nc3 Qc7 7. a3 b6 8. Be3 Bb7 {[%emt 0:00:02] B41: Sicilian: Kan Variation: 5 c4.} 9. f3 Nc6 10. Na4 Rb8 {[%emt 0:01:23] White is slightly better.} 11. b4 {[%emt 0:03:39] [#]} Bd6 $146 (11... Be7 $14) ({Predecessor:} 11... Be7 12. Qd2 Ne5 13. Be2 O-O 14. O-O Ng6 15. Bf2 Rfc8 16. c5 bxc5 17. Nxc5 Bd6 {½-½ (87) Tseng,W (2466)-Rubinas,P (2551) ICCF email 2016}) 12. Ne2 $16 Be7 13. Bxb6 Qe5 14. Be3 Qc7 15. Nec3 {[%emt 0:00:48] Inhibits d5.} O-O 16. Be2 Ne5 17. Bb6 Qc6 18. c5 Ng6 19. Qd2 {[%emt 0:00:34] Against Nf4} d5 20. exd5 ({White should play} 20. cxd6 $1 $16 Bxd6 21. Rd1) 20... Nxd5 $14 21. Nxd5 exd5 22. Nc3 Bh4+ 23. g3 Bf6 {[%emt 0:00:01] ...d4 is the strong threat.} 24. Rd1 d4 (24... Bxc3 $11 25. Qxc3 Rfe8) 25. Ne4 $16 Be5 26. O-O $36 {[%emt 0:00:33][%mdl 2048] Keeping Black busy.} Rbe8 ({Black should try} 26... f5 27. Qa2+ Kh8) 27. Bc4 {[%emt 0:05:16] White is more active.} Kh8 28. Qd3 $1 f5 29. b5 $1 axb5 30. Bxb5 Qe6 31. Ng5 Qf6 32. Bxe8 Rxe8 33. f4 {[%emt 0:00:24][%cal Bf3f4,Bf4e5][%mdl 32] Black must now prevent Qb5.} h6 34. fxe5 Qxg5 35. Rxf5 ({Don't blunder} 35. Qxf5 $2 Qe3+ 36. Rf2 (36. Qf2 $2 Qe4 $19) 36... Rf8 $19) 35... Qg4 36. Re1 {[%emt 0:01:23] Prevents Be4. Strongly threatening Rf7.} Nh4 37. Rf4 (37. Qb5 Qxf5 38. c6 Nf3+ 39. Kf2 Ng5+ 40. Kg1 {[#]} Rf8 $1 41. Bxd4 Qf3 $1 42. Qf1 Nh3+ $1 43. Qxh3 Bxc6) 37... Qh3 {[%emt 0:00:09][%mdl 8192] This costs Black the game.} (37... Nf3+ $16 38. Qxf3 Qxf3 39. Rxf3 Bxf3) 38. Qf1 (38. Re2 $142) 38... Ng2 $2 (38... Qg2+ 39. Qxg2 Nxg2) 39. Rf2 $18 {[%emt 0:00:12] White is clearly winning.} d3 40. Rxg2 Bxg2 41. Qxg2 Qd7 42. c6 {[%emt 0:00:46] Weighted Error Value: White=0.32/Black=0.17 (very precise)} 1-0

[Event "FIDE WTC Prel-A 2022"]
[Site "Jerusalem"]
[Date "2022.11.21"]
[Round "4.4"]
[White "Bernadskiy, Vitaliy"]
[Black "Santos Ruiz, Miguel"]
[Result "1/2-1/2"]
[ECO "A13"]
[WhiteElo "2615"]
[BlackElo "2587"]
[Annotator "TA"]
[PlyCount "104"]
[EventDate "2022.11.20"]
[EventType "team-tourn"]
[EventCountry "ISR"]
[SourceTitle "playchess.com"]
[Source "ChessBase"]
[SourceQuality "1"]
[WhiteTeam "Ukraine"]
[BlackTeam "Spain"]
[WhiteTeamCountry "UKR"]
[BlackTeamCountry "ESP"]
[TimeControl "2700+10"]

1. c4 Nf6 2. Nf3 e6 3. g3 d5 4. Bg2 dxc4 5. Qa4+ Nbd7 6. Qxc4 a6 7. Qb3 c5 8. O-O Ra7 {[%emt 0:03:40] A13: English Opening: 1...e6.} 9. a4 b6 10. Na3 Bb7 11. Nc4 Be7 12. d3 {[%emt 0:00:25] [#]} Nd5 $146 ({Predecessor:} 12... O-O 13. Bd2 h6 14. Rfb1 a5 15. Qd1 Nd5 16. Nfe5 Nxe5 17. Nxe5 Qc7 18. Nc4 Raa8 {0-1 (41) Gabor,G (2084)-Meijers,V (2490) Bad Harzburg 2007}) 13. Bd2 O-O 14. Rfc1 a5 15. Qd1 Nb8 16. d4 Na6 (16... Nc6 {keeps more tension.} 17. dxc5 Bxc5 18. Nfe5 Nxe5 19. Nxe5 Bd4) 17. Na3 (17. e4 Ndb4 $15) 17... Ra8 18. Nb5 Rc8 19. e4 Nf6 20. e5 Nd5 21. h4 Qd7 (21... Ndb4 {feels hotter.} 22. Qe2 Bd5 23. Rd1 Nc2) 22. Bg5 cxd4 (22... Ndb4 {seems wilder.} 23. Bxe7 Qxe7 24. Nd6 Rcd8) 23. Nfxd4 Rxc1 24. Rxc1 Bc5 25. Qg4 Kh8 26. Rd1 Nac7 27. Be4 Nxb5 28. Nxb5 f5 (28... Qc8 $11 {feels stronger.}) 29. exf6 $1 $14 gxf6 30. Bf4 (30. Bh6 $14 Rg8 31. Qf3) 30... Qe7 $11 31. Bh6 (31. Bxd5 $11 Bxd5 32. Rd3) 31... f5 $1 $15 32. Bxf8 Qxf8 (32... fxg4 $2 33. Bxe7 Bxe7 34. Nc7 $18) 33. Qf3 (33. Bxf5 $17 exf5 34. Qe2) 33... fxe4 $19 34. Qxf8+ Bxf8 35. Nd4 Bg7 $2 (35... Bc8 $19 {has better winning chances. ...Bd7 is the strong threat.} 36. h5 Bd7) 36. Nxe6 $17 Bf6 ({Black should try} 36... Bxb2 $17 {Threatens to win with ...Bc6.} 37. Nf4 Nxf4 38. Rd8+ Kg7 39. Rd7+ Kg8 40. Rxb7 Nd5 41. Rb8+ Kg7 42. Rb7+ Kf8) 37. Re1 $2 {[%emt 0:01:06] [#]} (37. Nf4 $1 $11 {and White is okay.} Nxf4 38. gxf4) 37... Nb4 $1 $19 ({And not} 37... Bxb2 38. Rxe4 Nc3 39. Rc4 $17) 38. Rc1 {[%emt 0:00:39] aiming for Rc7.} Bc6 {[%emt 0:00:12] A strong pair of Bishops.} ({Stronger than} 38... Bxb2 39. Rc7 Ba6 40. Ng5 $15) 39. b3 Kg8 40. Nc7 Kf7 41. Na6 $2 (41. Rb1 {was called for.}) 41... Bd5 ({Weaker is} 41... Nxa6 42. Rxc6 Nc5 43. Rxb6 $11) 42. Rc7+ Kg6 43. Nxb4 axb4 44. g4 (44. Rc1 $142 Kf5 45. Rb1) 44... Bxh4 $2 (44... Bc3 $19 {and Black stays clearly on top.} 45. Kg2 Bxb3 46. Rc6+ Kf7 47. Rxb6 Bxa4) 45. Rd7 $17 Bxb3 46. Rd6+ Kg5 47. Rxb6 Bxa4 {[%emt 0:00:32] White must now prevent ...e3.} 48. Rxb4 {[%emt 0:00:02] [#]} Bc2 49. Kg2 Kxg4 (49... Bd3 $142 50. Rd4 Kf6) 50. f3+ Kf4 (50... Kf5 $17 51. Rxe4 Bf6) 51. fxe4 $2 (51. Rxe4+ $1 $11 Kg5 52. Rg4+ Kh5 53. Rc4) 51... Bxe4+ $2 (51... Bf6 $19 {Strongly threatening ...Be5.} 52. e5+ Kxe5) 52. Rxe4+ $11 Kxe4 {[%emt 0:01:20] Weighted Error Value: White=0.39/Black=0.34} 1/2-1/2

[Event "FIDE WTC Prel-A 2022"]
[Site "Jerusalem"]
[Date "2022.11.21"]
[Round "4.5"]
[White "Van Foreest, Jorden"]
[Black "Lu, Shanglei"]
[Result "1/2-1/2"]
[ECO "D24"]
[WhiteElo "2690"]
[BlackElo "2605"]
[Annotator "TA"]
[PlyCount "64"]
[EventDate "2022.11.20"]
[EventType "team-tourn"]
[EventCountry "ISR"]
[SourceTitle "playchess.com"]
[Source "ChessBase"]
[SourceQuality "1"]
[WhiteTeam "Netherlands"]
[BlackTeam "China"]
[WhiteTeamCountry "NED"]
[BlackTeamCountry "CHN"]
[TimeControl "2700+10"]

1. d4 Nf6 2. c4 e6 3. Nf3 d5 4. Nc3 dxc4 5. e4 Bb4 6. Bxc4 {[%emt 0:00:22] D24: Queen's Gambit Accepted: 3 Nf3 Nf6 4 Nc3.} Nxe4 7. O-O Nxc3 8. bxc3 ({But not} 8. Qb3 Nd5 9. Bxd5 Qxd5 $17) 8... Be7 9. Ne5 {[%emt 0:00:44][%mdl 1024] White has compensation.} O-O 10. Re1 Nc6 11. Qg4 f5 12. Qf3 Nxe5 13. Rxe5 Kh8 14. Bf4 Bd6 {[%emt 0:00:03] [#] Hoping for ...g5. 14...g5 is not played anymore.} 15. Ree1 (15. Re3 {looks sharper.} Bxf4 16. Qxf4 Qd6 17. Qxd6 cxd6 18. Bxe6 f4 19. Ree1) 15... Bxf4 16. Qxf4 Qd6 17. Qxd6 cxd6 18. Bxe6 Bxe6 19. Rxe6 $14 {[%emt 0:00:03][%mdl 4096] Endgame KRR-KRR} Rac8 20. Rxd6 Rxc3 21. Rd7 {[%emt 0:02:35] Against Rc7} Rfc8 {[%emt 0:02:40] [#] ( -> ...Rc1+)} 22. Re1 {[%emt 0:00:56] [#]} Kg8 $146 ({Predecessor:} 22... Rc1 23. Kf1 R1c2 24. Ree7 Rxa2 25. Rc7 Rg8 26. Rxb7 a5 27. g3 h6 28. Ra7 f4 29. gxf4 {½-½ (58) Egresi,M (2362)-Nguyen,A (2311) Budapest 2022}) 23. Rxb7 {[%emt 0:03:25] White is more active.} R8c7 24. Rb5 g6 25. h4 (25. g3 $1 $14 {deserves consideration.}) 25... Rc1 $11 26. Rxc1 Rxc1+ {[%emt 0:00:02] KR-KR} 27. Kh2 {[%emt 0:00:01] Black must now prevent Rb8+.} Rc2 {[%emt 0:00:04][%csl LRa2,LRf2] The position is equal.} 28. Rb8+ Kg7 $1 29. Rb7+ Kh6 $1 30. Kg3 Rxa2 31. d5 Rd2 32. Rd7 Rd4 {[%emt 0:00:54] Weighted Error Value: White=0.05 (flawless) /Black=0.06 (flawless)} 1/2-1/2

[Event "FIDE WTC Prel-A 2022"]
[Site "Jerusalem"]
[Date "2022.11.21"]
[Round "4.6"]
[White "Xu, Xiangyu"]
[Black "Van Foreest, Lucas"]
[Result "1-0"]
[ECO "E04"]
[WhiteElo "2577"]
[BlackElo "2585"]
[Annotator "TA"]
[PlyCount "101"]
[EventDate "2022.11.20"]
[EventType "team-tourn"]
[EventCountry "ISR"]
[SourceTitle "playchess.com"]
[Source "ChessBase"]
[SourceQuality "1"]
[WhiteTeam "China"]
[BlackTeam "Netherlands"]
[WhiteTeamCountry "CHN"]
[BlackTeamCountry "NED"]
[TimeControl "2700+10"]

1. d4 d5 2. Nf3 Nf6 3. c4 e6 4. g3 dxc4 5. Bg2 Bb4+ 6. Bd2 a5 7. Qc2 {[%emt 0:00:06] E04: Open Catalan: 5 Nf3.} Bxd2+ 8. Qxd2 c6 9. a4 {[%emt 0:00:19] White has an edge.} b5 (9... Ne4 $5 10. Qf4 Qb6 $11) 10. Na3 Qb6 (10... bxa4 11. Nxc4 Ba6 12. Rxa4 $16) 11. axb5 cxb5 {[%emt 0:00:07] And now ...0-0 would win.} 12. Qg5 $1 O-O 13. Qxb5 (13. Nxb5 Ne4 14. Qe3 Bb7 $17) 13... Qxb5 14. Nxb5 Bb7 {[%emt 0:00:05] [#]} 15. O-O $1 (15. Nd6 $6 Bd5 $11) 15... Nbd7 16. Nd6 Bd5 17. Nd2 Nb6 {[%emt 0:02:00] [#]} 18. Rfc1 $146 ({Predecessor:} 18. e4 Rad8 19. Nxf7 Rxf7 20. exd5 Nfxd5 21. Rxa5 c3 22. bxc3 Nxc3 23. Re1 Rxd4 24. Nf3 {½-½ (62) Cheparinov,I (2664)-Dreev,A (2623) Warsaw 2021}) 18... Rfd8 {[%emt 0:09:16] Against e4. Strongly threatening ...Bxg2.} 19. N6xc4 Nxc4 20. Nxc4 Rab8 21. Rxa5 Bxc4 22. Rxc4 {[%emt 0:00:03] Threatens to win with b4.} Rxb2 23. Bf3 Rbb8 24. g4 h6 25. h4 g6 26. e3 Rd7 27. Kg2 Kg7 28. Rcc5 Rbd8 29. Kg3 Rb8 30. Ra1 Rbd8 31. Raa5 Rb8 $1 32. Bc6 {[%emt 0:00:14] Black is now going downhill.} Rc7 33. Bg2 Rd7 34. Ra6 Rbd8 35. Bc6 Rc7 36. Bf3 Rcd7 37. g5 Ng8 38. Bc6 Rc7 39. Be4 Rcd7 40. Rac6 {[%emt 0:01:19] White has more active pieces.} Ne7 41. Rc7 Nf5+ 42. Bxf5 gxf5 43. Kf4 Rxc7 44. Rxc7 $16 {[%emt 0:00:16][%mdl 4096] Endgame h5 is the strong threat. KR-KR} Rh8 $2 (44... h5 45. f3 Ra8) 45. d5 $2 (45. h5) 45... Kg6 $2 (45... hxg5+ 46. Kxg5 (46. hxg5 Rh4+ 47. Ke5 Re4+ 48. Kd6 exd5 $14) 46... exd5) 46. d6 $18 hxg5+ {[%emt 0:00:02] [#]} 47. Ke5 $1 ({And not} 47. hxg5 f6 48. e4 (48. gxf6 Kxf6 49. d7 Rd8 $11) 48... e5+ 49. Ke3 Rd8 $11) 47... gxh4 48. d7 {[%emt 0:00:02] White mates.} Rd8 49. Kd6 h3 50. Rc8 {[%emt 0:00:12][%mdl 64] Trapped Piece} Rxd7+ 51. Kxd7 {[%emt 0:00:03] Weighted Error Value: White=0.15 (very precise) /Black=0.30} 1-0

[Event "FIDE WTC Prel-A 2022"]
[Site "Jerusalem"]
[Date "2022.11.21"]
[Round "4.7"]
[White "Warmerdam, Max"]
[Black "Bai, Jinshi"]
[Result "0-1"]
[ECO "D33"]
[WhiteElo "2617"]
[BlackElo "2569"]
[Annotator "TA"]
[PlyCount "60"]
[EventDate "2022.11.20"]
[EventType "team-tourn"]
[EventCountry "ISR"]
[SourceTitle "playchess.com"]
[Source "ChessBase"]
[SourceQuality "1"]
[WhiteTeam "Netherlands"]
[BlackTeam "China"]
[WhiteTeamCountry "NED"]
[BlackTeamCountry "CHN"]
[TimeControl "2700+10"]

1. c4 c5 2. Nf3 Nf6 3. Nc3 e6 4. g3 d5 5. cxd5 exd5 6. d4 Nc6 7. Bg2 cxd4 $1 {[%emt 0:00:07][%mdl 4] outshines the older 7...Be7.} 8. Nxd4 Bc5 9. Be3 {[%emt 0:01:27] D33: Tarrasch Defence: 6 g3 sidelines.} (9. Nb3 $5 Bb6 10. O-O $11 (10. Bxd5 Nb4 $15) (10. Nxd5 O-O $11)) 9... Qb6 10. Na4 $1 Qb4+ 11. Bd2 {[%emt 0:00:01] The position is equal.} Qxd4 12. e3 $1 Qe5 {[%emt 0:00:03] White must now prevent ...Bg4.} ({Don't do} 12... Qc4 13. b3 Qd3 14. Nxc5 $14) 13. Nxc5 Qxb2 14. O-O O-O 15. Nd3 Qa3 16. Bc1 Qe7 {[%emt 0:00:03] [#]} 17. Qb3 $146 {[%emt 0:01:26][%mdl 1024] White has compensation.} ({Predecessor:} 17. Bb2 Rd8 18. Nf4 Be6 19. Qa4 Ne4 20. Rfd1 f6 21. Rab1 Bf7 22. Ba3 Qc7 23. Nxd5 Rxd5 24. Rxd5 Bxd5 25. Bxe4 Bxe4 26. Qxe4 {½-½ (63) Abdusattorov,N (2661)-Oparin,G (2674) Chess.com INT 2022}) 17... Na5 18. Qb5 Nc4 19. Nf4 Be6 20. Rb1 b6 21. Rd1 Rac8 22. Bb2 Rc5 23. Bxf6 Qxf6 24. Qb4 (24. Qb3 $11) 24... Rd8 (24... Ne5 $5 ) 25. Nxd5 $2 Rcxd5 ({Inferior is} 25... Bxd5 26. Bxd5 Nxe3 27. Bxf7+ Kxf7 28. fxe3 $11) 26. Bxd5 Rxd5 ({Worse is} 26... Bxd5 {[#]} 27. Rxd5 $1 Rxd5 28. Qxc4 $11) 27. Qa4 $2 {[%emt 0:01:46] Loses the game.} (27. Rxd5 $17 Bxd5 28. Qb5) 27... g6 $19 {[%emt 0:00:00][%cal Of6f3] And now ...Qf3! would win.} 28. e4 {[%emt 0:06:54] [#]} (28. Rxd5 $142 Bxd5 29. e4) 28... Qf3 $1 {[%emt 0:00:00][%cal Oe6h3] Black is clearly winning.} 29. Qb3 Qxe4 {[%emt 0:00:00] ( -> ...Bh3)} 30. Re1 Qd4 {[%emt 0:00:00] Weighted Error Value: White=0.49/Black=0.04 (flawless)} 0-1

[Event "FIDE WTC Prel-A 2022"]
[Site "Jerusalem"]
[Date "2022.11.21"]
[Round "4.8"]
[White "Li, Di"]
[Black "Kevlishvili, Robby"]
[Result "1-0"]
[ECO "D32"]
[WhiteElo "2539"]
[BlackElo "2536"]
[Annotator "TA"]
[PlyCount "111"]
[EventDate "2022.11.20"]
[EventType "team-tourn"]
[EventCountry "ISR"]
[SourceTitle "playchess.com"]
[Source "ChessBase"]
[SourceQuality "1"]
[WhiteTeam "China"]
[BlackTeam "Netherlands"]
[WhiteTeamCountry "CHN"]
[BlackTeamCountry "NED"]
[TimeControl "2700+10"]

1. Nf3 d5 2. e3 Nf6 3. c4 e6 4. b3 Bd6 5. Bb2 O-O 6. Nc3 c5 7. cxd5 exd5 8. d4 Nc6 9. Be2 Re8 10. dxc5 Bxc5 11. O-O Be6 {[%emt 0:00:25] D32: Tarrasch Defence: Sidelines and lines without g3.} 12. Rc1 Qe7 13. Nb5 Ne4 {[%emt 0:03:58] White is slightly better.} 14. Nbd4 Rac8 {[%emt 0:00:41] [#]} 15. Nxe6 $146 ({Predecessor:} 15. Nxc6 bxc6 16. Nd4 Bd7 17. Bg4 Bd6 18. Nf5 Bxf5 19. Bxf5 Rc7 20. Qg4 {½-½ (43) Hassan,A (2357)-Pert,N (2501) Caleta 2005}) 15... fxe6 16. Bd3 {[%emt 0:00:13] This bishop pair is nice.} Nb4 17. Bb1 Bd6 18. Qe2 Nf6 19. Ne5 Nc6 20. Ng4 Nxg4 21. Qxg4 {[%emt 0:00:03] Threatens to win with Qh5.} Ba3 22. Bxa3 Qxa3 23. h4 Qb2 24. Rcd1 Qf6 25. h5 Ne5 26. Qg3 Rc3 27. Rc1 (27. f4 $5 Nd7 28. Qe1 $11) 27... Rxc1 28. Rxc1 Nc6 $1 29. Rf1 Rf8 30. Qg4 Ne5 31. Qg3 Nc6 32. Qg4 Qh6 33. f4 Ne5 34. Qh3 Nd7 35. Rc1 Rf7 36. Rc8+ Nf8 $1 37. Bd3 a6 38. Qg4 Qf6 39. Qg5 {[%emt 0:00:08] Against e5. White is much more active.} Qa1+ 40. Kh2 {[%emt 0:00:03][%cal Od3g6] aiming for Bg6!} Qd1 $2 {[%emt 0:01:52] [#] This costs Black the game.} (40... Rf6 $1 $14) 41. h6 $1 $18 {[%emt 0:00:08][%cal Oc8f8] Rxf8+! would kill now. Really sharp!} Qa1 {[%emt 0:00:41] [#]} 42. Be2 $1 Qf6 43. Bh5 $40 {[%emt 0:00:17][%mdl 128] White attacks with force.} g6 (43... Rd7 44. Bg4 Re7) 44. Qxf6 Rxf6 {[%emt 0:00:01][%mdl 4096] Endgame KRB-KRN} 45. Bg4 Kf7 46. Rc7+ Ke8 47. Rxb7 d4 48. exd4 Rxf4 49. Be2 Nd7 $2 (49... a5 50. Bb5+ Kd8) 50. Bxa6 {[%emt 0:00:13] White is clearly winning.} Nf6 51. a4 g5 52. a5 {[%emt 0:00:14] Bb5+ is the strong threat.} Ng4+ 53. Kg3 Nxh6 54. Rxh7 (54. Bb5+ $142 Kd8 55. a6 (55. Rd7+ Kc8 $18) 55... Nf5+ 56. Kh2) 54... Nf5+ 55. Kh2 {[%emt 0:00:02] Hoping for Bb5+.} Kf8 56. Bc4 {[%emt 0:00:15] Weighted Error Value: White=0.07 (flawless) /Black=0.22 (precise)} 1-0

[Event "FIDE WTC Prel-A 2022"]
[Site "Jerusalem"]
[Date "2022.11.21"]
[Round "4.9"]
[White "Vachier-Lagrave, Maxime"]
[Black "Solomon, Kenny"]
[Result "1-0"]
[ECO "C88"]
[WhiteElo "2736"]
[BlackElo "2355"]
[Annotator "TA"]
[PlyCount "95"]
[EventDate "2022.11.20"]
[EventType "team-tourn"]
[EventCountry "ISR"]
[SourceTitle "playchess.com"]
[Source "ChessBase"]
[SourceQuality "1"]
[WhiteTeam "France"]
[BlackTeam "South Africa"]
[WhiteTeamCountry "FRA"]
[BlackTeamCountry "RSA"]
[TimeControl "2700+10"]

1. e4 e5 2. Nf3 Nc6 3. Bb5 a6 4. Ba4 Nf6 5. O-O Be7 6. Re1 b5 7. Bb3 O-O 8. a4 b4 9. a5 d6 10. d3 Rb8 11. Nbd2 Be6 12. Nc4 {[%emt 0:00:02] C88: Closed Ruy Lopez: Anti-Marshall Systems.} h6 13. h3 Nd7 14. Be3 {[%emt 0:00:49] The position is equal.} Bf6 15. c3 bxc3 16. bxc3 d5 {[%emt 0:00:34] [#]} 17. exd5 $146 ({Predecessor:} 17. Ba4 dxe4 18. dxe4 Ne7 19. Qe2 Ng6 20. Ncd2 Qc8 21. Bc2 Qb7 22. Kh2 Be7 23. Bd3 {½-½ (43) Vavulin,M (2550)-Kaczur,F (2483) Porec 2022}) 17... Bxd5 18. Nfd2 Be7 ({Black should try} 18... Qe7 $11) 19. Bc2 (19. Ba4 $14) 19... Bg5 (19... f5 $11 {remains equal.} 20. f3 Bh4) 20. Bxg5 $16 Qxg5 {[%emt 0:00:04][%csl Gd5][%cal Rg5g2] [#]} 21. Ne3 Be6 22. Ba4 Ne7 23. Nf3 Qf4 24. g3 Qf6 {[%emt 0:00:07] [#]} 25. Ng4 $1 Bxg4 26. hxg4 c6 27. d4 exd4 28. cxd4 Rb2 29. Rc1 Rfb8 (29... Rd8 $16) 30. Bc2 (30. d5 $18 {is more deadly.}) 30... R2b5 31. Ra1 c5 32. Qe2 (32. Ba4 $16) 32... Nc6 $11 33. d5 Nd4 34. Nxd4 cxd4 35. Rab1 $40 {[%emt 0:02:27][%mdl 128] Black needs to defend precisely.} Rxb1 36. Rxb1 Rxb1+ 37. Bxb1 {[%emt 0:00:01][%mdl 4096] Endgame Qe8+ is the strong threat. KQB-KQN} Kf8 {[%emt 0:01:23] Against Qe8+} (37... Qe5 $11 38. Qxe5 Nxe5) 38. Bf5 {[%emt 0:00:46] White is more active.} Nc5 39. Qc4 Qd6 40. Qxd4 (40. Bc2 $142) 40... g6 (40... Nb7 $142) 41. Bc2 Kg8 42. Bd1 Nd7 (42... Kf8 {was worth a try.} 43. Be2 Kg8) 43. Kg2 Kh7 44. Be2 Nc5 45. Bc4 {[%emt 0:00:21] Inhibits Nb3.} Kg8 46. Qb2 Nd7 47. Qb7 Nc5 $2 (47... Nb8 48. Qa7 Kf8) 48. Qc6 {[%emt 0:00:07] Weighted Error Value: White=0.17 (very precise) /Black=0.31} 1-0